 Dungeon Crawl Stone Soup version 0.25-a0-707-g603da076d2 (webtiles) character file.

Game seed: 3956481985175162518, levelgen mode: deterministic

39 magipi the Chucker (level 3, -1/18 HPs)
             Began as a Vine Stalker Hunter on Apr 4, 2020.
             Was an Initiate of Ru.
             Succumbed to an adder's poison
             ... on level 2 of the Dungeon.
             The game lasted 00:03:51 (1545 turns).

magipi the Chucker (Vine Stalker Hunter)            Turns: 1545, Time: 00:03:52

Health: -1/18      AC:  3    Str: 15    XL:     3   Next: 45%
Magic:  0/4        EV: 12    Int: 11    God:    Ru [......]
Gold:   79         SH:  0    Dex: 14    Spells: 2/2 levels left

rFire    . . .     SeeInvis .   a - +0 dagger
rCold    . . .     Gourm    .   (no shield)
rNeg     . . .     Faith    .   b - +0 leather armour
rPois    .         Spirit   +   (no helmet)
rElec    .         Reflect  .   (no cloak)
rCorr    .         Harm     .   (no gloves)
MR       .....                  (no boots)
Stlth    ++........             (no amulet)
HPRegen  0.06/turn              (no ring)
MPRegen  0.09/turn              (no ring)

@: lethally poisoned (-1 -> -23)
A: fangs 2, magic shield, antimagic bite, no potion heal 3, rot immunity
a: Renounce Religion


You were on level 2 of the Dungeon.
You worshipped Ru.
Ru was noncommittal.
You were not hungry.

You visited 1 branch of the dungeon, and saw 2 of its levels.

You collected 79 gold pieces.

Inventory:

Hand Weapons
 a - a +0 dagger (weapon)
   (You took it off a goblin on level 1 of the Dungeon)
Missiles
 c - 2 javelins (quivered)
 d - 2 throwing nets
 i - 4 atropa-tipped darts
Armour
 b - a +0 leather armour (worn)
Jewellery
 h - an uncursed ring of positive energy {unknown}
   (You found it on level 1 of the Dungeon)
Scrolls
 e - a scroll of enchant armour {unknown}
 g - 3 scrolls of identify {unknown}
 k - a scroll of teleportation {unknown}
 m - a scroll of amnesia {unknown}
Potions
 j - a potion of berserk rage {unknown}
Comestibles
 f - 2 rations
 l - a chunk of flesh


   Skills:
 + Level 2.1 Fighting
 + Level 0.8 Short Blades
 * Level 4.0 Throwing
 + Level 0.8 Armour
 + Level 1.9 Dodging
 - Level 1.2 Stealth


You had 2 spell levels left.
You didn't know any spells.
Your spell library was empty.

Dungeon Overview and Level Annotations

Branches:
Dungeon (2/15)

Altars:
Ru


Innate Abilities, Weirdness & Mutations

You have extremely sharp teeth.
When hurt, damage is shared between your health and your magic reserves.
Your bite disrupts and absorbs the magic of your enemies.
Potions cannot restore your health.
You are immune to rotting.


Message History

You hit the kobold but do no damage. Your bite misses the kobold.
The kobold is severely wounded.
The kobold closely misses you.
You hit the kobold.
You kill the kobold!
No target in view!
No target in view!
You butcher the giant cockroach corpse.
l - 2 chunks of flesh Eat one of 2 chunks of flesh? (ye/n/q)
You eat one of the 2 chunks of flesh.
This raw flesh tastes terrible.
You are feeling hungry.
Things that are here:
a cursed -3 club; 2 stones
Things that are here:
a cursed -3 club; 2 stones You see here a stone.
A bat comes into view.
The bat moves out of view.
The bat barely misses you.
You see here a ration.
The bat hits you but does no damage.
You barely miss the bat. The bat misses you.
The bat hits you but does no damage. The bat closely misses you.
You hit the bat.
You kill the bat!
You see here a bat corpse.
You butcher the bat corpse.
l - 2 chunks of flesh (gained 1)
You see here a bat skeleton.
Eat one of 2 chunks of flesh? (ye/n/q)
You eat one of the 2 chunks of flesh.
This raw flesh tastes terrible.
f - 2 rations (gained 1)
You see here a bat skeleton.
You see here a ball python corpse.
You butcher the ball python corpse.
Things that are here:
a chunk of flesh; a ball python skeleton Throwing (i - inventory. (/) - cycle)
c - 5 javelins (quivered)
Press: ? - help, Shift-Dir - straight line, f - adder
Aim: an adder (hasn't noticed you)
You throw a javelin. The adder hisses angrily.
The javelin pierces through the adder.
The adder is lightly wounded.
The adder completely misses you.
Unknown command.
You hit the adder.
The adder is heavily wounded.
The adder bites you but does no damage.
You hit the adder but do no damage. Your bite misses the adder.
The adder is heavily wounded.
The adder bites you.
You are poisoned.
The adder poisons you! The adder bites you.
You barely miss the adder. You bite the adder, but do no damage.
The adder is heavily wounded.
You feel sick. The adder completely misses you.
You hit the adder but do no damage. Your bite misses the adder.
The adder is heavily wounded.
The adder bites you.
You are more poisoned.
The adder poisons you!
You miss the adder.
The adder is heavily wounded.
You feel sick. The adder bites you.
You are lethally poisoned!
The adder poisons you!
You barely miss the adder. You bite the adder. You drain its power.
You feel invigorated.
The adder is severely wounded.
You feel sick. The adder bites you. x2
You are more poisoned.
The adder poisons you!
You barely miss the adder.
The adder is severely wounded.
You feel sick. The adder completely misses you.
You barely miss the adder. Your bite misses the adder.
The adder is severely wounded.
You feel sick. The adder bites you.
* * * LOW HITPOINT WARNING * * *
Unknown command.
Throwing (i - inventory. (/) - cycle)
c - 4 javelins (quivered)
Press: ? - help, Shift-Dir - straight line, f/p - adder
Aim: an adder (severely wounded)
You throw a javelin. The javelin barely misses the adder.
* * * LOW HITPOINT WARNING * * *
You feel sick. The adder bites you.
* * * LOW HITPOINT WARNING * * *
You are more poisoned.
The adder poisons you! The adder bites you.
* * * LOW HITPOINT WARNING * * *
Unknown command.
Unknown command.
Throwing (i - inventory. (/) - cycle)
c - 3 javelins (quivered)
Press: ? - help, Shift-Dir - straight line, f/p - adder
Aim: an adder (severely wounded)
You throw a javelin. The javelin barely misses the adder.
You die...

#.........### ####.#####
#.........# #.....#
#...).....# #.....####
#........## #.........
#......÷.# #.....###.
...........#### #....##.#.
###......%....# #....##...
..........≈..###.........
#########@.⌠≈.#........♣..
#...S≈≈≈.###.....♣.♣.
#........# #....♣._.♣
#.......## #.....♣.♣.
#.......# #......♣..
#.......# #.........
#.......# #....#####
#...(...# #....# # #....#


You could see an adder.

Vanquished Creatures
  An adder (D:2)
  2 worms (D:2)
  A leopard gecko (D:2)
  A giant cockroach (D:2)
  4 goblins
  3 hobgoblins
  A ball python (D:2)
  4 bats
  A frilled lizard (D:2)
  4 kobolds
  3 rats
25 creatures vanquished.

Notes
Turn   | Place    | Note
-------+----------+-------------------------------------------
     0 | D:1      | magipi the Vine Stalker Hunter began the quest for the Orb.
     0 | D:1      | Reached XP level 1. HP: 11/11 MP: 2/2
   208 | D:1      | Reached XP level 2. HP: 11/15 MP: 3/3
   757 | D:2      | Found a faded altar of an unknown god.
   819 | D:2      | Found a sacrificial altar of Ru.
   827 | D:2      | Reached XP level 3. HP: 18/18 MP: 4/4
   893 | D:2      | Became a worshipper of Ru the Awakened
  1293 | D:2      | Reached skill level 4 in Throwing
  1545 | D:2      | Succumbed to an adder's poison

Levels and vault maps discovered:
D:1:      minmay_arrival_nine_rooms, layout_basic
D:2:      layout_basic, old_standard_altar,
          chequers_ecumenical_altar_simple_redux, first_ration,
          corexii_leaking_fountain, st_stairs_14

Skill      XL: |  1  2  3 |
---------------+----------+-----
Fighting       | 2 |  2.1
Throwing       | 4 |  4.0
Short Blades   | |  0.8
Armour         | |  0.8
Dodging        | |  1.9
Stealth        | |  1.2

Action                   || total
-------------------------++-------
Melee: Short sword       ||    30
       Bite              ||    30
       Dagger            ||    81
Throw: Javelin           ||     9
       Dart              ||     4
  Eat: Chunk             ||     2
Armor: Leather armour    ||    24
Dodge: Dodged            ||    75

Table legend:
 A = Non-vault XP
 B = Vault XP
 C = Vault XP percentage of total XP
 D = Non-vault monster count
 E = Vault monster count
 F = Vault count percentage of total count
                 A         B        C        D         E       F
            +---------+---------+-------+---------+---------+-------
      Total |      56 |       0 |   0.0 |      25 |       0 |   0.0
            +---------+---------+-------+---------+---------+-------
        D:1 |      15 |       0 |   0.0 |      11 |       0 |   0.0
        D:2 |      41 |       0 |   0.0 |      14 |       0 |   0.0
            +---------+---------+-------+---------+---------+-------

Action                   || total
-------------------------++-------
Melee: Short sword       ||    30
       Bite              ||    30
       Dagger            ||    81
Throw: Javelin           ||     9
       Dart              ||     4
  Eat: Chunk             ||     2
Armor: Leather armour    ||    24
Dodge: Dodged            ||    75
